 Dungeon Crawl Stone Soup version 0.29.0-5-ge4962eb29e (webtiles) character file.

Game seed: 12707394761351367285

309 Regnix the Sneak (level 6, 0/44 HPs)
             Began as a Vampire Enchanter on Aug 29, 2022.
             Slain by a gnoll bouda
             ... wielding a +1 whip of flaming
              (1 damage)
             ... on level 4 of the Dungeon.
             The game lasted 00:13:17 (2453 turns).

Regnix the Sneak (Vampire Enchanter)                Turns: 2453, Time: 00:13:18

Health: 0/44       AC:  3    Str:  7    XL:     6   Next: 17%
Magic:  0/9        EV: 13    Int: 18    God:
Gold:   190        SH:  0    Dex: 16    Spells: 1/9 levels left

rFire   . . .      SeeInvis +   a - +1 dagger
rCold   . . .      Faith    .   (no shield)
rNeg    + . .      Spirit   .   c - +1 robe {rN+}
rPois   .          Reflect  .   (no helmet)
rElec   .          Harm     .   (no cloak)
rCorr   .          Rampage  .   (no gloves)
Will    .....                   (no boots)
Stlth   ++++......              (no amulet)
HPRegen 0.34/turn               (no ring)
MPRegen 0.11/turn               (no ring)

@: confusing by touch, healing quickly
A: alive, fangs 3, see invisible, vampiric 2
a: Exsanguinate


You were on level 4 of the Dungeon.
You visited 1 branch of the dungeon, and saw 4 of its levels.

You collected 190 gold pieces.

Inventory:

Hand Weapons
 a - a +1 dagger (weapon)
 g - a +0 dagger of draining
Missiles
 i - 6 atropa-tipped darts (quivered)
Armour
 b - a +0 robe
 c - a +1 robe of positive energy (worn)
Jewellery
 u - a ring of flight
Wands
 d - a wand of flame (8)
Scrolls
 f - 4 scrolls of amnesia {unknown}
 m - a scroll of immolation {unknown}
 n - a scroll of enchant armour {unknown}
 p - a scroll of fear {unknown}
 q - 2 scrolls of poison {unknown}
 s - 4 scrolls of identify
 t - a scroll of magic mapping {unknown}
 v - a scroll of enchant weapon {unknown}
 w - 3 scrolls of noise {unknown}
Potions
 e - a potion of magic
 j - 2 potions of resistance {unknown}
 k - a potion of berserk rage {unknown}
 l - a potion of brilliance {unknown}
 o - 2 potions of degeneration {unknown}
 r - a potion of heal wounds {unknown}


   Skills:
 + Level 1.9 Fighting
 + Level 3.0 Short Blades
 + Level 3.6 Dodging
 + Level 7.2 Stealth
 + Level 2.3 Spellcasting
 + Level 5.1 Hexes


You had one spell level left.
You knew the following spells:

 Your Spells              Type           Power      Damage    Failure   Level
a - Ensorcelled Hibernat  Hex/Ice        22%        N/A       10%         2
b - Confusing Touch       Hex            20%        N/A       6%          3
c - Tukima's Dance        Hex            20%        N/A       6%          3

Your spell library contained the following spells:

 Spells                   Type           Power      Damage    Failure   Level
 Dazzling Flash           Conj/Hex       22%        N/A       19%         3
 Scorch                   Fire           4%         2d5       26%         2
 Conjure Flame            Conj/Fire      2%         6-21      45%         3
 Sticky Flame             Conj/Fire      2%         2d3       86%         4
 Freezing Cloud           Conj/Ice/Air   1%         6-21      99%         5
 Starburst                Conj/Fire      1%         6d3       100%        6


Dungeon Overview and Level Annotations

Branches:
Dungeon (4/15)
 Temple: D:4-7

Altars:
Qazlal
Ru
Sif Muna


Innate Abilities, Weirdness & Mutations

Your natural rate of healing is accelerated.
You have razor-sharp teeth.
You have supernaturally acute eyesight. (SInv)
You are afflicted with vampirism and can become a bat while bloodless.


Message History

You barely miss the gnoll.
The gnoll is moderately wounded.
A gnoll comes into view. It is wielding a +0 club.
The gnoll bouda calls upon its god to heal the gnoll.
The gnoll's wounds heal themselves!
It was a potion of magic.
Magic courses through your body. The gnoll hits you with a +0 flail!
Casting: Tukima's Dance (dangerous; 6% risk of failure)
Confirm with . or Enter, or press ? or * to list all spells.
Aiming: Ensorcelled Hibernation (safe; 10% risk of failure)
Press: ? - help, Shift-Dir - straight line, f/p - gnoll
Aim: a gnoll, wielding a +0 spear (covering ground quickly, chance to affect: 53%)
Okay, then.
Casting: Ensorcelled Hibernation (safe; 10% risk of failure)
Confirm with . or Enter, or press ? or * to list all spells.
Your hands begin to glow red.
The gnoll barely misses you.
The gnoll bouda barks out a call to the hunt!
The gnoll picks up the pace!
Casting: Confusing Touch (dangerous; 6% risk of failure)
Confirm with . or Enter, or press ? or * to list all spells.
Your hands begin to glow brighter.
The gnoll barely misses you.
You barely miss the gnoll. The gnoll hits you with a +0 flail!
You barely miss the gnoll. You punch the gnoll, but do no damage.
The gnoll hits you with a +0 flail.
* * * LOW HITPOINT WARNING * * *
Unknown command.
Your attacks no longer feel as feeble.
You feel better.
Casting: Confusing Touch (dangerous; 6% risk of failure)
Confirm with . or Enter, or press ? or * to list all spells.
Aiming: Tukima's Dance (dangerous; 6% risk of failure)
Press: ? - help, Shift-Dir - straight line, f/p - gnoll
Aim: a gnoll, wielding a +0 spear (covering ground quickly, chance to confuse on hit: 62%, chance to affect: 62%)
The gnoll bouda resists with significant effort.
The gnoll is no longer moving quickly.
You closely miss the gnoll bouda.
The gnoll bouda hits you with a +1 whip of flaming!
* * * LOW HITPOINT WARNING * * *
The gnoll bouda burns you.
You die...

##############
#.ggggg@.....#
#.##########.#
#<.........#
#########..#
#..# #..# #..#
####


You could see a gnoll bouda and 4 gnolls.

Vanquished Creatures
  Sigmund (D:2)
  An orc priest (D:3)
  Jessica (D:2)
  A gnoll (D:4)
  2 adders (D:2)
  A worm (D:3)
  A dart slug (D:1)
  3 orcs (D:3)
  7 ball pythons
  An endoplasm (D:3)
  A giant cockroach (D:3)
  6 hobgoblins
  7 jackals (D:3)
  4 quokkas
  2 bats (D:1)
  3 goblins
  8 kobolds
  A rat (D:2)
51 creatures vanquished.

Vanquished Creatures (collateral kills)
  An orc (D:3)
1 creature vanquished.

Vanquished Creatures (others)
  2 dancing weapons
2 creatures vanquished.

Grand Total: 54 creatures vanquished

Notes
Turn   | Place    | Note
-------+----------+-------------------------------------------
     0 | D:1      | Regnix the Vampire Enchanter began the quest for the Orb.
     0 | D:1      | Reached XP level 1. HP: 13/13 MP: 3/3
    96 | D:1      | Found a faded altar of an unknown god.
   376 | D:1      | Reached XP level 2. HP: 19/19 MP: 5/5
   755 | D:2      | Reached skill level 5 in Stealth
   811 | D:2      | Learned a level 2 spell: Ensorcelled Hibernation
   987 | D:2      | Noticed Jessica
   995 | D:2      | Gained mutation: You are afflicted with vampirism and can
                  | become a bat while bloodless. [Vampire growth]
   995 | D:2      | Reached XP level 3. HP: 24/24 MP: 6/6
   997 | D:2      | Killed Jessica
   998 | D:2      | Reached skill level 5 in Hexes
  1140 | D:2      | Noticed Sigmund
  1152 | D:2      | Learned a level 3 spell: Confusing Touch
  1275 | D:2      | Killed Sigmund
  1276 | D:2      | Reached skill level 1 in Fighting
  1276 | D:2      | Reached skill level 7 in Stealth
  1276 | D:2      | Reached XP level 4. HP: 32/32 MP: 4/7
  1276 | D:2      | Reached XP level 5. HP: 37/37 MP: 4/8
  1369 | D:3      | Found a shimmering blue altar of Sif Muna.
  1369 | D:3      | Found a sacrificial altar of Ru.
  1410 | D:3      | Got the Precepts of Ignition and Arcane Weapons
  1415 | D:3      | Learned a level 3 spell: Tukima's Dance
  1764 | D:3      | Found a stormy altar of Qazlal.
  1926 | D:3      | Reached XP level 6. HP: 20/44 MP: 0/9
  2453 | D:4      | HP: 1/44 [gnoll bouda/+1 whip of flaming (13)]
  2453 | D:4      | Slain by a gnoll bouda

Illustrated notes

Levels and vault maps discovered:
D:1:      ebering_trefoil_twist, layout_basic, ebering_ecumenical_altar_box
D:2:      layout_rooms, kennysheep_jessica_study, uniq_sigmund
D:3:      layout_rooms, mainiacjoe_overflow_six_doors_small, minitemple,
          serial_co_window_serial, co_window_corner_a, co_window_paths_a,
          co_window_cross_1, co_window_paths_a, co_window_corner_a,
          co_window_paths_a, co_window_of_opportunity_a,
          co_window_unsneaky_path_e, co_window_paths_c, co_window_cross_3,
          co_window_corner_b, co_window_corner_ca, co_window_4corner_a,
          glass_columns_a, glass_columns_c, glass_columns_b, glass_columns_c,
          glass_columns_a
D:4:      layout_basic, minmay_ogre_servants

Skill      XL: |  1  2  3  4  5 |
---------------+----------------+-----
Stealth        | 5 7 |  7.2
Hexes          | 5 |  5.1
Fighting       | 1 |  1.9
Short Blades   | 2 3 |  3.0
Dodging        | 3 |  3.6
Spellcasting   | |  2.3

Action                   |  1- 3 |  4- 6 || total
-------------------------+-------+-------++-------
Melee: Dagger            |    92 |    94 ||   186
       Bite              |     6 |    12 ||    18
       Punch             |       |     2 ||     2
Throw: Dart              |     1 |       ||     1
 Cast: Ensorcelled Hiber |     1 |     2 ||     3
       Tukima's Dance    |       |     6 ||     6
       Confusing Touch   |       |     2 ||     2
Evoke: Wand              |       |     2 ||     2
  Use: Potion            |     4 |     3 ||     7
       Scroll            |     1 |       ||     1
 Stab: Sleeping          |     6 |     7 ||    13
       Invisible         |     1 |       ||     1
Armor: Robe              |    15 |    11 ||    26
Dodge: Dodged            |    73 |    55 ||   128
